AoeStats
← [PSCH] R!ce

Golden Pit

507030451Analyzed
1v1 RM · 16d ago on Sep 16, 2026· 47m 33s· 2 players
Game mode
Random Map
Map size
Tiny (2 player)
Population
200
Speed
Normal
Resources
Standard
Victory
Conquest
Starting age
Dark Age
Ending age
Imperial Age
RankedLock teamsTeams togetherTeam positionsShared explorationLock speedFull tech treeHidden civsTurbo modeCheats
Victory
Defeat
🇨🇭 Vietnamese · Switzerland
1436
+21
🇮🇳 Hindustanis · India
1549
-21
[PSCH] R!ce
6:43 Loom
9:24 Feudal Age
9:32 Man-at-Arms
16:08 Double-Bit Axe
21:06 Castle Age
19:18 Horse Collar
19:58 Fletching
20:09 Scale Mail Armor
22:06 Chain Mail Armor
22:15 Bow Saw
21:34 Crossbowman
27:22 Bodkin Arrow
29:53 Forging
29:43 Padded Archer Armor
30:50 Wheelbarrow
36:20 Imperial Age
34:54 Iron Casting
34:06 Arson
34:22 Squires
36:29 Ballistics
36:39 Elite Fire Lancer
39:37 Plate Mail Armor
41:08 Chemistry
41:24 Town Watch
47:00 Bracer
VirenMeghanSara
6:47 Loom
9:32 Feudal Age
10:12 Double-Bit Axe
16:16 Horse Collar
17:40 Wheelbarrow
21:17 Castle Age
19:53 Fletching
22:18 Bow Saw
22:50 Town Watch
22:29 Light Cavalry
22:44 Elite Skirmisher
25:24 Padded Archer Armor
27:20 Bodkin Arrow
28:15 Scale Barding Armor
29:24 Hand Cart
30:26 Forging
30:32 Leather Archer Armor
34:47 Gold Mining
37:10 Iron Casting
36:35 Scale Mail Armor
40:38 Imperial Age
41:15 Ballistics
41:26 Chain Barding Armor
42:29 Two-Man Saw
42:26 Gold Shaft Mining
42:08 Bloodlines
43:18 Ring Archer Armor
42:50 Bracer
43:27 Plate Barding Armor
44:08 Chemistry
46:44 Masonry
Connection lost

Rejoining the realm…

Still unreachable

The connection could not be restored.

Session expired

The server has moved on; the page needs a fresh start.